 Dungeon Crawl Stone Soup version 0.27.1-2-g3b301248ec (webtiles) character file.

Game seed: 3034756505150986844

1682 Rickety the Conjurer (level 9, -2/70 (87) HPs)
             Began as a Gnoll Conjurer on Sept 26, 2021.
             Slain by a wight (4 damage)
             ... on level 4 of the Dungeon.
             The game lasted 00:17:55 (6887 turns).

Rickety the Conjurer (Gnoll Conjurer)               Turns: 6887, Time: 00:17:56

HP:   -2/70 (87)    AC:  5    Str:  5 (7)  XL:     9   Next: 2%
MP:   10/18         EV: 13    Int: 19 (20) God:
Gold: 215           SH:  0    Dex:  8 (11) Spells: 10/20 levels left

rFire    . . .     SeeInvis .   a - +0 dagger (venom)
rCold    . . .     Faith    .   (no shield)
rNeg     . . .     Spirit   .   f - +0 robe
rPois    .         Reflect  .   x - +0 helmet
rElec    .         Harm     .   (no cloak)
rCorr    +         Rampage  .   h - +0 pair of gloves
Will     .....                  d - +0 pair of boots
Stlth    ..........             (no amulet)
HPRegen  0.21/turn              i - ring of resist corrosion
MPRegen  0.16/turn              (no ring)

@: berserking, heavily drained, very quick
A: fangs 1, strong nose, distributed training, deterioration 1, frail 1,
evolution 1
a: no special abilities


You were on level 4 of the Dungeon.
You visited 1 branch of the dungeon, and saw 5 of its levels.
You also visited: Sewer.

You collected 215 gold pieces.

Inventory:

Hand Weapons
 a - a +0 dagger of venom (weapon)
 b - a +2 short sword of holy wrath
 c - a +2 short sword of freezing
Missiles
 q - 2 throwing nets
 v - 7 poisoned darts
Armour
 d - a +0 pair of boots (worn)
 f - a +0 robe (worn)
 h - a +0 pair of gloves (worn)
 n - a +0 buckler
 x - a +0 helmet (worn)
Jewellery
 i - a ring of resist corrosion (left hand)
Wands
 r - a wand of flame (30)
 w - a wand of acid (7)
Scrolls
 e - a scroll of torment {unknown}
 g - 3 scrolls of enchant armour {unknown}
 j - a scroll of fog {unknown}
 k - a scroll of magic mapping {unknown}
 l - 4 scrolls of identify {unknown}
 o - 2 scrolls of teleportation {unknown}
 s - a scroll of brand weapon {unknown}
 y - a scroll of immolation {unknown}
Potions
 u - a potion of magic {unknown}
 z - a potion of brilliance {unknown}


   Skills:
 + Level 3.8 Fighting
 + Level 3.8 Short Blades
 + Level 3.8 Long Blades
 + Level 3.8 Axes
 + Level 3.8 Maces & Flails
 + Level 3.8 Polearms
 + Level 3.8 Staves
 + Level 3.8 Slings
 + Level 3.8 Bows
 + Level 3.8 Crossbows
 + Level 3.8 Throwing
 + Level 3.8 Armour
 + Level 6.0 Dodging
 + Level 5.7 Stealth
 + Level 3.8 Shields
 + Level 3.8 Unarmed Combat
 + Level 6.3 Spellcasting
 + Level 7.8 Conjurations
 + Level 3.1 Hexes
 + Level 3.1 Summonings
 + Level 3.1 Necromancy
 + Level 3.1 Translocations
 + Level 3.1 Transmutations
 + Level 3.1 Fire Magic
 + Level 3.1 Ice Magic
 + Level 3.1 Air Magic
 + Level 3.1 Earth Magic
 + Level 3.1 Poison Magic
 + Level 4.1 Invocations
 + Level 3.8 Evocations


You had 10 spell levels left.
You knew the following spells:

 Your Spells              Type           Power      Damage    Failure   Level
a - Magic Dart            Conj           100%       1d8       1%          1
d - Dazzling Flash        Conj/Hex       52%        N/A       3%          3
n - Fulminant Prism       Conj/Hex       13%        3d9       12%         4
r - Searing Ray           Conj           70%        3d5       1%          2

Your spell library contained the following spells:

 Spells                   Type           Power      Damage    Failure   Level
 Iskenderun's Mystic Bla  Conj/Tloc      26%        2d7       12%         4


Dungeon Overview and Level Annotations

Branches:
Dungeon (5/15)              Sewer (visited)
 Temple: D:4-7

Altars:
Fedhas
Hepliaklqana
Makhleb
Okawaru
Ru
Trog
Zin

Annotations:
D:4 2 transporters, llamasofponies's ghost, amateur TrMo
D:5 Ijyb; Sigmund


Innate Abilities, Weirdness & Mutations

You have very sharp teeth.
Your uncanny sense of smell can sniff out nearby items.
Your experience applies equally to all skills.
Your body sometimes deteriorates upon taking damage.
You are frail. (-10% HP)
You evolve.


Message History

Confirm with . or Enter, or press ? or * to list all spells.
Aiming: Searing Ray (safe; 1% risk of failure)
Press: ? - help, Shift-Dir - straight line, f/p - wight
Aim: a wight, wielding a +0 short sword and wearing a +0 robe (severely damaged, 81% to hit)
The searing ray hits the wight.
The wight is almost destroyed. (Press . to maintain the ray.)
The wight misses you.
The wight hits you with a +0 short sword.
* * * LOW HITPOINT WARNING * * *
You feel drained.
The searing ray hits the wight.
You destroy the wight!
The wight closely misses you.
You have reached level 9!
Your experience leads to an increase in your attributes!
Increase (S)trength, (I)ntelligence, or (D)exterity?
You feel clever.
Items here: )) [ †.
Casting: Searing Ray (safe; 1% risk of failure)
Confirm with . or Enter, or press ? or * to list all spells.
Aiming: Searing Ray (safe; 1% risk of failure)
Press: ? - help, Shift-Dir - straight line, f - wight
Aim: a wight, wielding a +4 battleaxe and wearing a +0 robe (81% to hit)
Okay, then.
It was a potion of degeneration.
There was something very wrong with that liquid.
You feel weakened.
You feel dopey.
You feel clumsy.
It was a potion of mutation.
You feel extremely strange.
You feel nature experimenting on you.
Don't worry, failures die fast.
You feel yourself wasting away.
You feel frail.
It was a potion of berserk rage.
A red film seems to cover your vision as you go berserk!
You feel yourself moving faster!
You feel mighty! The wight closely misses you.
You puncture the wight!
The wight is heavily damaged.
The wight hits you with a +4 battleaxe!
* * * LOW HITPOINT WARNING * * *
You feel drained.
You die...

###...##
#..........#
##.#.#.##
#.####.###.#
#.##.##.#### #.#
#.###.#
...........#######
#.# #..##.#
#.##.##.##...<>..#
#.# ##.#.#.#
##.#.#.#########.#
#.###.###..#
##...## #z#
#.##.## ##.#
####.#### #z#
#.###.###..#
........########@#
#.# ##.#.#)#
####.............#
#.# ##.##)#
......#.##########
#.# ##.##.#
......#.#####.##
#.####.#.#.#
.............#.##
#.....###..#
#####.#..##.###.##
######.#.### #
#.#....## ##.#
##.## ##
#.#.###.###.## #)#
.####.#.# ##.#.##
#)#


You could see 2 wights.

Vanquished Creatures
  A sky beast (D:4)
  A black bear (D:4)
  An ogre (D:4)
  A necrophage (D:4)
  A gnoll sergeant (D:3)
  2 bullfrogs (Sewer)
  4 killer bees (D:4)
  A wight (D:4)
  3 orc priests
  3 gnoll shamans
  6 hounds
  An orc wizard (D:5)
  23 gnolls
  13 adders
  An ufetubus (D:4)
  2 worms
  3 dart slugs
  25 orcs
  12 endoplasms
  12 giant cockroaches
  8 hobgoblins
  12 jackals (D:3)
  12 quokkas
  20 ball pythons
  3 bats
  10 frilled lizards
  3 goblins
  6 kobolds
  4 rats
194 creatures vanquished.

Vanquished Creatures (others)
  A fulminant prism (D:5)
1 creature vanquished.

Grand Total: 195 creatures vanquished

Notes
Turn   | Place    | Note
-------+----------+-------------------------------------------
     0 | D:1      | Rickety the Gnoll Conjurer began the quest for the Orb.
     0 | D:1      | Reached XP level 1. HP: 13/13 MP: 6/6
   223 | D:1      | Reached XP level 2. HP: 19/19 MP: 1/7
   226 | D:1      | Learned a level 2 spell: Searing Ray
   712 | D:1      | Reached XP level 3. HP: 25/25 MP: 7/9
   716 | D:1      | Learned a level 3 spell: Dazzling Flash
   823 | D:1      | Found a faded altar of an unknown god.
   952 | D:2      | Reached skill level 5 in Spellcasting
  1211 | D:2      | You fall into a shaft and drop 2 floors!
  1222 | D:4      | Reached skill level 1 in Invocations
  1231 | D:4      | Reached skill level 1 in Fighting
  1231 | D:4      | Reached skill level 1 in Short Blades
  1231 | D:4      | Reached skill level 1 in Long Blades
  1231 | D:4      | Reached skill level 1 in Axes
  1231 | D:4      | Reached skill level 1 in Maces & Flails
  1231 | D:4      | Reached skill level 1 in Polearms
  1231 | D:4      | Reached skill level 1 in Staves
  1231 | D:4      | Reached skill level 1 in Slings
  1231 | D:4      | Reached skill level 1 in Bows
  1231 | D:4      | Reached skill level 1 in Crossbows
  1231 | D:4      | Reached skill level 1 in Throwing
  1231 | D:4      | Reached skill level 1 in Armour
  1231 | D:4      | Reached skill level 1 in Shields
  1231 | D:4      | Reached skill level 1 in Unarmed Combat
  1231 | D:4      | Reached skill level 1 in Evocations
  1231 | D:4      | Reached XP level 4. HP: 27/32 MP: 4/11
  1340 | D:4      | Found a transporter.
  1372 | D:3      | Reached skill level 1 in Hexes
  1372 | D:3      | Reached skill level 1 in Summonings
  1372 | D:3      | Reached skill level 1 in Necromancy
  1372 | D:3      | Reached skill level 1 in Translocations
  1372 | D:3      | Reached skill level 1 in Transmutations
  1372 | D:3      | Reached skill level 1 in Fire Magic
  1372 | D:3      | Reached skill level 1 in Ice Magic
  1372 | D:3      | Reached skill level 1 in Air Magic
  1372 | D:3      | Reached skill level 1 in Earth Magic
  1372 | D:3      | Reached skill level 1 in Poison Magic
  1536 | D:3      | Found a glowing drain.
  1554 | D:3      | Reached XP level 5. HP: 28/37 MP: 4/12
  1559 | Sewer    | Entered a sewer
  2337 | Sewer    | Reached XP level 6. HP: 39/44 MP: 2/14
  2366 | Sewer    | Reached skill level 5 in Dodging
  3433 | D:3      | Found a burning altar of Makhleb.
  3433 | D:3      | Noticed a cacodemon
  3789 | D:3      | Reached XP level 7. HP: 50/50 MP: 9/15
  4325 | D:3      | Reached skill level 5 in Stealth
  5069 | D:3      | Reached XP level 8. HP: 53/57 MP: 10/16
  5122 | D:3      | Found an iron altar of Okawaru.
  5122 | D:3      | Found a bloodstained altar of Trog.
  5341 | D:4      | Found a transporter.
  5342 | D:4      | Noticed llamasofponies's ghost (amateur TrMo)
  6228 | D:4      | Found a sacrificial altar of Ru.
  6228 | D:4      | Found a hazy altar of Hepliaklqana.
  6236 | D:4      | Found a glowing silver altar of Zin.
  6238 | D:4      | Found a blossoming altar of Fedhas.
  6240 | D:4      | Found a faded altar of an unknown god.
  6357 | D:5      | Entered Level 5 of the Dungeon
  6389 | D:4      | Learned a level 4 spell: Fulminant Prism
  6496 | D:5      | Noticed Ijyb
  6685 | D:5      | Noticed Sigmund
  6883 | D:4      | Reached XP level 9. HP: 6/56 MP: 9/18
  6885 | D:4      | Gained mutation: You evolve. [potion of mutation]
  6885 | D:4      | Gained mutation: Your body sometimes deteriorates upon
                  | taking damage. [potion of mutation]
  6885 | D:4      | Gained mutation: You are frail. (-10% HP) [potion of
                  | mutation]
  6887 | D:4      | HP: 2/73 [wight (9)]
  6887 | D:4      | Slain by a wight

Illustrated notes

Levels and vault maps discovered:
D:1:      matt_arrival_diagonals, layout_basic, chequers_ecumenical_altar_lobes
D:2:      layout_basic
D:3:      lemuel_castle_with_subvaults [lemuel_castle_interior_carwin_1],
          layout_loops_cross, grunt_temple_overflow_bloody_war,
          makhleb_altar_promises_db, gup_sewer_entry_glass, minivault_4,
          hangedman_decor_growths
D:4:      layout_loops_ring, chequers_temple_overflow_minitemple,
          gammafunk_ghost_mausoleum
D:5:      layout_rooms, nicolae_sif_muna_condensation, uniq_ijyb, uniq_sigmund

Skill      XL: |  1  2  3  4  5  6  7  8 |
---------------+-------------------------+-----
Spellcasting   | 5 6 |  6.3
Invocations    | 1 2 3 4 |  4.1
Fighting       | 1 2 3 |  3.8
Short Blades   | 1 2 3 |  3.8
Long Blades    | 1 2 3 |  3.8
Axes           | 1 2 3 |  3.8
Maces & Flails | 1 2 3 |  3.8
Polearms       | 1 2 3 |  3.8
Staves         | 1 2 3 |  3.8
Slings         | 1 2 3 |  3.8
Bows           | 1 2 3 |  3.8
Crossbows      | 1 2 3 |  3.8
Throwing       | 1 2 3 |  3.8
Armour         | 1 2 3 |  3.8
Shields        | 1 2 3 |  3.8
Unarmed Combat | 1 2 3 |  3.8
Evocations     | 1 2 3 |  3.8
Hexes          | 1 2 3 |  3.1
Summonings     | 1 2 3 |  3.1
Necromancy     | 1 2 3 |  3.1
Translocations | 1 2 3 |  3.1
Transmutations | 1 2 3 |  3.1
Fire Magic     | 1 2 3 |  3.1
Ice Magic      | 1 2 3 |  3.1
Air Magic      | 1 2 3 |  3.1
Earth Magic    | 1 2 3 |  3.1
Poison Magic   | 1 2 3 |  3.1
Dodging        | 5 6 |  6.0
Stealth        | 5 |  5.7
Conjurations   | |  7.8

Action                   |  1- 3 |  4- 6 |  7- 9 || total
-------------------------+-------+-------+-------++-------
Melee: Short sword       |     8 |       |       ||     8
       Unarmed           |     3 |       |       ||     3
       Bite              |     1 |     3 |     2 ||     6
       Dagger            |       |    15 |    25 ||    40
       Punch             |       |     1 |     1 ||     2
 Cast: Magic Dart        |    50 |   117 |    38 ||   205
       Searing Ray       |     1 |    15 |    47 ||    63
       Fulminant Prism   |       |       |     1 ||     1
  Use: Potion            |       |       |     3 ||     3
 Stab: Sleeping          |       |       |     6 ||     6
Armor: Robe              |       |    12 |     8 ||    20
Dodge: Dodged            |     7 |    21 |    57 ||    85
